 Dungeon Crawl Stone Soup version 0.17.0-28-g6e173f8 (webtiles) character file.

78 Requim the Shield-Bearer (level 4, 0/31 HPs)
             Began as a Halfling Fighter on Nov 29, 2015.
             Succumbed to poison (a potion of poison)
             ... on level 2 of the Dungeon.
             The game lasted 00:10:48 (1034 turns).

Requim the Shield-Bearer (Halfling Fighter)         Turns: 1034, Time: 00:10:48

Health: 0/31       AC:  9    Str: 22    XL:     4   Next: 61%
Magic:  4/4        EV:  8    Int:  7    God:
Gold:   85         SH: 11    Dex: 13    Spells: 0 memorised, 3 levels left

rFire  + . .     SeeInvis .     a - +0 rapier
rCold  . . .     Clarity  .     m - +0 chain mail
rNeg   . . .     SustAt   .     c - +1 shield
rPois  .         Gourm    .     (no helmet)
rElec  .         Spirit   .     (no cloak)
rCorr  .         Warding  .     (no gloves)
rMut   .         Stasis   .     (no boots)
MR     .....                    (no amulet)
Stlth  ..........               (no ring)
                                l - ring of protection from fire

@: mighty, lethally poisoned (0 -> -18), not resistant to hostile enchantments,
extremely unstealthy
A: mutation resistance 1
a: no special abilities


You were on level 2 of the Dungeon.
You were not hungry.

You visited 1 branch of the dungeon, and saw 2 of its levels.

You collected 85 gold pieces.

Inventory:

Hand Weapons
 a - a +0 rapier (weapon)
Armour
 c - a +1 shield (worn)
 m - a +0 chain mail (worn)
Jewellery
 l - a ring of protection from fire (left hand)
Scrolls
 e - a scroll of remove curse
Potions
 g - a potion of brilliance
Books
 j - a book of Clouds

   Spells                             Type                      Level
   a - Mephitic Cloud                 Conjuration/Poison/Air       3
   b - Conjure Flame                  Conjuration/Fire             3
   c - Poisonous Cloud                Conjuration/Poison/Air       6
   d - Freezing Cloud                 Conjuration/Ice/Air          6
   e - Ring of Flames                 Charms/Fire                  7
Comestibles
 f - a fruit
 h - a meat ration
 i - 2 bread rations


   Skills:
 + Level 3.4 Fighting
 + Level 3.1 Short Blades
 + Level 3.7 Armour
 + Level 0.9 Dodging
 + Level 0.2 Stealth
 + Level 4.1 Shields


You had 3 spell levels left.
You didn't know any spells.

Dungeon Overview and Level Annotations

Branches:
Dungeon (2/15)

Altars:
Kikubaaqudgha
Makhleb
Sif Muna
Yredelemnul


Innate Abilities, Weirdness & Mutations

You are small and have problems with some larger weapons.
You are somewhat resistant to further mutation.


Message History

* * * LOW HITPOINT WARNING * * *
You feel sick.
You puncture the gnoll!
You kill the gnoll!
* * * LOW HITPOINT WARNING * * *
You feel sick.
Items here: )) †† a flail; a spear; an adder corpse; a gnoll corpse Drink which item? (? for menu, Esc to quit)
Okay, then.
Drink which item? (? for menu, Esc to quit)
It was a potion of magic.
Magic courses through your body.
* * * LOW HITPOINT WARNING * * *
You feel sick.
Drink which item? (? for menu, Esc to quit)
It was a potion of poison.
That liquid tasted very nasty...
You are more poisoned.
* * * LOW HITPOINT WARNING * * *
You feel sick.
You die...

..... #.....# .....
#..... .....
#....## .....
#..... ..... #...#
.... #...# #..
######...######
#...))@........
#...###########
###.### #...####
#########
###....####........
####.......#.....
#####..#_#....
##..#..... #.....#


There were no monsters in sight!

Vanquished Creatures
  An adder (D:2)
  3 gnolls (D:2)
  An ooze (D:1)
  An adder skeleton (D:2)
  2 giant geckos (D:1)
  A bat skeleton (D:2)
  2 giant cockroaches (D:1)
  3 goblins (D:1)
  2 hobgoblins
  4 jackals (D:2)
  A ball python zombie (D:2)
  5 bats (D:1)
  3 giant newts
  3 kobolds
32 creatures vanquished.

Notes
Turn   | Place    | Note
--------------------------------------------------------------
     0 | D:1      | Requim the Halfling Fighter began the quest for the Orb.
     0 | D:1      | Reached XP level 1. HP: 15/15 MP: 1/1
    67 | D:1      | Reached XP level 2. HP: 14/20 MP: 2/2
   389 | D:1      | Reached XP level 3. HP: 22/26 MP: 3/3
   655 | D:2      | Found a burning altar of Makhleb.
   659 | D:2      | Found an ancient bone altar of Kikubaaqudgha.
   678 | D:2      | Found a basalt altar of Yredelemnul.
   678 | D:2      | Found a deep blue altar of Sif Muna.
   966 | D:2      | Found a faded altar to an unknown god.
  1015 | D:2      | Reached XP level 4. HP: 15/31 MP: 4/4
  1021 | D:2      | Reached skill level 4 in Shields
  1034 | D:2      | Succumbed to poison (a potion of poison)

Action                   |  1- 3 |  4- 6 || total
-------------------------+-------+-------++-------
Melee: Rapier            |   115 |    14 ||   129
  Use: Scroll            |     7 |       ||     7
       Potion            |     1 |     2 ||     3
  Eat: Bread ration      |     1 |       ||     1
